 Dungeon Crawl Stone Soup version 0.27-a0-1228-gfd60fd639a (webtiles) character file.

Game seed: 6922104475336095352

965 AmisE the Chopper (level 7, -4/66 HPs)
             Began as a Deep Dwarf Berserker on June 6, 2021.
             Was a Priest of Trog.
             Slain by an ogre
             ... wielding a +0 giant club
              (24 damage)
             ... on level 5 of the Dungeon on June 7, 2021.
             The game lasted 00:23:41 (3433 turns).

AmisE the Chopper (Deep Dwarf Berserker)            Turns: 3433, Time: 00:23:42

Health: -4/66      AC: 14    Str: 21    XL:     7   Next: 93%
Magic:  15/15 (6)  EV:  8    Int: 12    God:    Trog [***...]
Gold:   207        SH:  0    Dex: 13    Spells: 6/6 levels left

rFire    + . .     SeeInvis .   j - +0 hand axe (flame)
rCold    . . .     Faith    .   (no shield)
rNeg     + . .     Spirit   .   c - +0 chain mail
rPois    .         Reflect  .   l - +0 helmet "Ceudonon" {Rampage rF+ rCorr Int+4}
rElec    .         Harm     .   v - +2 cloak
rCorr    +         Rampage  +   (no gloves)
Will     +....                  (no boots)
Stlth    ..........             (no amulet)
HPRegen  0.00/turn              d - ring of magical power
MPRegen  0.14/turn              r - ring of positive energy

@: no status effects
A: damage resistance, heal wounds, sense surroundings 1, no regeneration
a: Heal Wounds, Renounce Religion, Berserk, Trog's Hand


You were on level 5 of the Dungeon.
You worshipped Trog.
Trog was most pleased with you.
You visited 1 branch of the dungeon, and saw 5 of its levels.

You collected 207 gold pieces.

Inventory:

Hand Weapons
 j - a +0 hand axe of flaming (weapon)
Missiles
 h - 22 poisoned darts (quivered)
Armour
 c - a +0 chain mail (worn)
 l - the +0 helmet "Ceudonon" (worn) {Rampage rF+ rCorr Int+4}
   (You took it off Robin on level 3 of the Dungeon)

   It affects your intelligence (+4).
   It protects you from fire.
   It protects you from acid and corrosion.
   It bestows one free step when moving towards enemies.
 v - a +2 cloak (worn)
Jewellery
 d - a ring of magical power (left hand)
 r - a ring of positive energy (right hand)
Wands
 n - a wand of polymorph (1)
Scrolls
 a - a scroll of fog {unknown}
 e - 2 scrolls of enchant armour {unknown}
 k - a scroll of identify
 m - a scroll of blinking
 o - 2 scrolls of teleportation
 p - a scroll of fear {unknown}
 s - 2 scrolls of magic mapping
 u - a scroll of acquirement {unknown}
 w - a scroll of amnesia {unknown}
Potions
 b - a potion of berserk rage
 f - a potion of haste
 g - a potion of cancellation
 i - 2 potions of curing
 q - a potion of ambrosia {unknown}
 t - 2 potions of brilliance {unknown}


   Skills:
 + Level 4.5 Fighting
 * Level 7.1 Axes
 + Level 5.0 Armour
 - Level 2.1 Dodging
 + Level 5.0 Stealth


You had 6 spell levels left.
You didn't know any spells.
Your spell library was empty.

Dungeon Overview and Level Annotations

Branches:
Dungeon (5/15)
 Temple: D:4-7

Altars:
Ashenzari
Hepliaklqana
Kikubaaqudgha
Nemelex Xobeh
Okawaru
Xom


Innate Abilities, Weirdness & Mutations

You are resistant to damage.
You can heal yourself by infusing magical energy.
You passively map a small area around you.
You do not regenerate.


Message History

Your Armour skill increases to level 5!
You now have 207 gold pieces (gained 8).
An ogre is nearby!
Throw: 25 darts (poison)
Press: ? - help, Q - select action, (/) - cycle Shift-Dir - straight line, f - ogre
Aim: an ogre, wielding a +0 giant club (wandering, hasn't noticed you, 73% to hit)
You throw a poisoned dart.
The poisoned dart barely misses the ogre.
The ogre shouts!
Throw: 24 darts (poison)
Press: ? - help, Q - select action, (/) - cycle Shift-Dir - straight line, f/p - ogre
Aim: an ogre, wielding a +0 giant club (74% to hit)
You throw a poisoned dart. The poisoned dart hits the ogre.
The ogre is poisoned.
Throw: 23 darts (poison)
Press: ? - help, Q - select action, (/) - cycle Shift-Dir - straight line, f/p - ogre
Aim: an ogre, wielding a +0 giant club (lightly wounded, poisoned, 73% to hit)
You throw a poisoned dart. The poisoned dart hits the ogre.
The ogre looks even sicker.
The ogre is lightly wounded.
You hit the ogre. You burn the ogre.
The ogre is heavily wounded.
The ogre hits you with a +0 giant club!
You hit the ogre. You burn the ogre.
The ogre is heavily wounded.
You hit the ogre. You burn the ogre.
The ogre is severely wounded.
The ogre misses you.
You hit the ogre but do no damage.
The ogre is severely wounded.
The ogre barely misses you.
You hit the ogre but do no damage.
The ogre is severely wounded.
You hit the ogre but do no damage.
The ogre is severely wounded.
The ogre closely misses you.
You barely miss the ogre.
The ogre is severely wounded.
The ogre hits you with a +0 giant club!!
You die...

#.# #.###..#######**#....# #.#
##......# #....# #.# #...###.#
##..## #.# #...# #.# #.##
#.#####..####.# #.#
#..........##.### #.#
##.#####.#.##...# #.# ##.#
#.(..###.### #.# #..#
###...((O@.# #.# ..##
##...##..### #.# ###
###.......#####.######
##.................## ####
####..................# ...###
###......................
##...####........................
###....#........................
####......................<...


You could see an ogre (poisoned).

Vanquished Creatures
  Grinder (D:3)
  A sky beast (D:5)
  A necrophage (D:5)
  An ogre (D:3)
  A scorpion (D:4)
  A bullfrog zombie (D:5)
  A bullfrog skeleton (D:5)
  An orc priest (D:4)
  A jelly (D:5)
  Crazy Yiuf (D:4)
  Jessica (D:3)
  2 iguanas
  A scorpion zombie (D:5)
  Terence (D:2)
  An orc wizard (D:5)
  A hound zombie (D:5)
  A hound skeleton (D:5)
  Robin (D:3)
  4 adders
  2 adder skeletons
  11 orcs
  3 bats
  8 endoplasms
  2 hobgoblins
  2 jackals (D:4)
  3 quokkas
  4 ball pythons
  3 frilled lizards
  17 goblins
  9 kobolds
  A quokka skeleton (D:4)
  A rat (D:1)
89 creatures vanquished.

Notes
Turn   | Place    | Note
-------+----------+-------------------------------------------
     0 | D:1      | AmisE the Deep Dwarf Berserker began the quest for the Orb.
     0 | D:1      | Reached XP level 1. HP: 20/20 MP: 1/1
     0 | D:1      | Upgraded the game from 0.27-a0-1219-g958d993ae5 to
                  | 0.27-a0-1228-gfd60fd639a
   525 | D:2      | Reached XP level 2. HP: 4/27 MP: 2/2
   678 | D:2      | Found an ancient bone altar of Kikubaaqudgha.
   865 | D:2      | Reached skill level 1 in Stealth
   985 | D:2      | Noticed Terence
  1156 | D:2      | Killed Terence
  1157 | D:2      | Reached skill level 4 in Axes
  1157 | D:2      | Reached XP level 3. HP: 32/34 MP: 3/3
  1490 | D:3      | Found a hazy altar of Hepliaklqana.
  1490 | D:3      | Found a shimmering altar of Xom.
  1492 | D:3      | Noticed Grinder
  1516 | D:3      | Reached ** piety under Trog
  1529 | D:3      | Paralysed by Grinder for 2 turns
  1532 | D:3      | Killed Grinder
  1533 | D:3      | Reached skill level 5 in Axes
  1533 | D:3      | Reached XP level 4. HP: 30/43 MP: 4/4
  1533 | D:3      | Reached XP level 5. HP: 34/49 MP: 5/5
  1556 | D:3      | Identified the +0 helmet "Ceudonon" {Rampage rF+ rCorr
                  | Int+4}
  1556 | D:3      | Noticed Robin
  1575 | D:3      | Killed Robin
  1654 | D:3      | Found an iron altar of Okawaru.
  1719 | D:3      | Noticed Jessica
  1769 | D:3      | Killed Jessica
  1770 | D:3      | Reached XP level 6. HP: 22/57 MP: 5/6
  2009 | D:3      | Found a sparkling altar of Nemelex Xobeh.
  2232 | D:4      | Reached skill level 6 in Axes
  2359 | D:4      | Reached XP level 7. HP: 22/64 MP: 6/6
  2361 | D:4      | Found a broken altar of Ashenzari.
  2619 | D:4      | Found a runed translucent door.
  2620 | D:4      | Noticed Crazy Yiuf
  2644 | D:4      | Killed Crazy Yiuf
  2900 | D:5      | Entered Level 5 of the Dungeon
  3313 | D:5      | Reached skill level 7 in Axes
  3313 | D:5      | Reached skill level 5 in Stealth
  3380 | D:5      | Reached *** piety under Trog
  3381 | D:5      | Reached skill level 5 in Armour
  3433 | D:5      | Slain by an ogre

Illustrated notes

Levels and vault maps discovered:
D:1:      heliophobic_arrival_enchanted_forest, layout_rooms, minivault_23
D:2:      minmay_angry_zag, layout_loops_corners, basic_altar, uniq_terence
D:3:      layout_rooms, gammafunk_temple_overflow_forgotten,
          nemelex_spade_bored_becter, uniq_grinder, uniq_jessica, uniq_robin
D:4:      layout_cave_pools, nicolae_ashenzari_panopticon, serial_rivers,
          chequers_serial_rivers_small_3, chequers_serial_rivers_micro_a,
          chequers_serial_rivers_large_a, chequers_serial_rivers_room_a,
          minmay_joined_circles, uniq_crazy_yiuf_cottage
D:5:      layout_rooms, marbit_many_paths

Skill      XL: |  1  2  3  4  5  6  7 |
---------------+----------------------+-----
Stealth        | 1 3 4 5 |  5.0
Fighting       | 3 4 |  4.5
Axes           | 4 5 6 7 |  7.1
Armour         | 3 4 5 |  5.0
Dodging        | |  2.1

Action                   |  1- 3 |  4- 6 |  7- 9 || total
-------------------------+-------+-------+-------++-------
Melee: Hand axe          |    75 |   126 |   183 ||   384
Throw: Dart              |    10 |     5 |     7 ||    22
Invok: Berserk           |     2 |     3 |     1 ||     6
       Trog's Hand       |       |     2 |     2 ||     4
 Abil: Heal Wounds       |     2 |     1 |     2 ||     5
  Use: Scroll            |     8 |     2 |     1 ||    11
       Potion            |     1 |     2 |     2 ||     5
 Stab: Sleeping          |     2 |       |       ||     2
       Distracted        |     1 |       |       ||     1
Armor: Animal skin       |     4 |       |       ||     4
       Chain mail        |    21 |    64 |    89 ||   174
       Skin              |       |     1 |       ||     1
Dodge: Dodged            |    28 |    42 |    53 ||   123

Table legend: (Time is in decaauts)
 A = Elapsed time spent in this place.
 B = Non-inter-level travel time spent in this place.
 C = Inter-level travel time spent in this place.
 D = Time resting spent in this place.
 E = Time spent auto-exploring this place.
 F = Levels seen in this place.
 G = Mean time per level.
                   A        B        C        D        E       F      G
               +--------+--------+--------+--------+--------+-----+--------+
         Total |   3495 |   3441 |     54 |     53 |   2463 |   5 |  699.0 |
       Dungeon |   3495 |   3441 |     54 |     53 |   2463 |   5 |  699.0 |
               +--------+--------+--------+--------+--------+-----+--------+

Top non-repeatable levels by time:
     D:2: 899 daAuts
     D:4: 832 daAuts
     D:3: 722 daAuts
     D:5: 528 daAuts
     D:1: 512 daAuts
